 Dungeon Crawl Stone Soup version 0.21-a0-525-ga34b322 (webtiles) character file.

90 lemonriz the Digger (level 4, -7/24 HPs)
             Began as a Gargoyle Earth Elementalist on Dec 7, 2017.
             Killed from afar by lemonriz's ghost (12 damage)
             ... with a spray of energy
             ... on level 3 of the Dungeon.
             The game lasted 00:03:28 (1111 turns).

lemonriz the Digger (Gargoyle Earth Elementalist)   Turns: 1111, Time: 00:03:29

Health: -7/24      AC:  5    Str: 12    XL:     4   Next: 56%
Magic:  7/8        EV: 12    Int: 16    God:
Gold:   64         SH:  0    Dex: 10    Spells: 2/8 levels left

rFire    . . .     SeeInvis .   l - -1 club (curse)
rCold    . . .     Gourm    .   (no shield)
rNeg     + . .     Faith    .   c - +0 robe
rPois    ∞         Spirit   .   (no helmet)
rElec    +         Reflect  .   (no cloak)
rCorr    .         Harm     .   (no gloves)
MR       .....                  (no boots)
Stlth    ++........             (no amulet)
HPRegen  0.08/turn              (no ring)
MPRegen  0.11/turn              (no ring)

@: no status effects
A: negative energy resistance 1, electricity resistance, unbreathing,
petrification resistance, rot immunity, AC +3
a: no special abilities


You were on level 3 of the Dungeon.
You were not hungry.

You visited 1 branch of the dungeon, and saw 3 of its levels.

You collected 64 gold pieces.

Inventory:

Hand Weapons
 l - a cursed -1 club (weapon)
Armour
 c - a +0 robe (worn)
Scrolls
 f - 2 scrolls of remove curse {unknown}
 j - a scroll of blinking {unknown}
 m - a scroll of identify {unknown}
Potions
 h - a potion of heal wounds {unknown}
Books
 e - a book of Geomancy

   Spells                             Type                      Level
   a - Sandblast                      Earth                        1
   b - Passwall                       Transmutation/Earth          2
   c - Stone Arrow                    Conjuration/Earth            3
   d - Petrify                        Transmutation/Earth          4
   e - Lee's Rapid Deconstruction     Earth                        5
Comestibles
 a - a royal jelly
 d - 2 bread rations
 g - a chunk of flesh
 i - 2 fruits
 k - a meat ration


   Skills:
 - Level 2.0 Dodging
 - Level 3.2 Stealth
 + Level 2.8 Spellcasting
 + Level 0.6 Conjurations
 - Level 1.0 Transmutations
 + Level 4.4 Earth Magic


You had 2 spell levels left.
You knew the following spells:

 Your Spells              Type           Power        Failure   Level  Hunger
a - Sandblast             Erth           ###...       3%          1    #......
b - Passwall              Tmut/Erth      ##........   10%         2    ##.....
c - Stone Arrow           Conj/Erth      ##....       21%         3    ###....


Dungeon Overview and Level Annotations

Branches:
Dungeon (2/15)

Altars:

Annotations:
D:2 Terence
D:3 lemonriz's ghost, weakling DECj


Innate Abilities, Weirdness & Mutations

You are resistant to torment.
Your stone body is resilient. (AC +3)
You are immune to poison.
You resist negative energy. (rN+)
You are resistant to electric shocks. (rElec)
You can survive without breathing.
You are immune to petrification.
You are immune to rotting.


Message History

You hit lemonriz's ghost.
Lemonriz's ghost is severely damaged.
Lemonriz's ghost gestures at you while chanting.
The magic dart hits you!
Lemonriz's ghost says, "Do you think the gods will protect you?"
Lemonriz's ghost barely misses you.
You hit lemonriz's ghost but do no damage.
Lemonriz's ghost is severely damaged.
Lemonriz's ghost gestures at you while chanting.
The magic dart hits you!
* * * LOW HITPOINT WARNING * * *
You hit lemonriz's ghost.
Lemonriz's ghost is almost destroyed.
Lemonriz's ghost hits you but does no damage.
Lemonriz's ghost casts a spell at you. The spray of energy misses you.
Lemonriz's ghost points at you and mumbles some strange words.
The spray of energy hits you!
Ouch! That really hurt!
You die...

#...##.#.# #?.... #.#
#..... #.# #..... ...
#....#.#.#
#####...#.#.#
#.........#.# #.
#..W###.######.#
...##.....@........#
....................#
#.....##.....##......##
#..........†.##......#
#.....###....##.#....#
#..... #....##.#......
.....###.#####.#...###
#....)......###.#....
#.####..........# ##


You could see lemonriz's ghost.

Vanquished Creatures
  A centaur skeleton (D:2)
  3 adders
  A worm (D:2)
  A giant cockroach (D:3)
  4 goblins
  4 hobgoblins
  2 jackals (D:2)
  5 kobolds
  3 quokkas
  3 bats
  4 frilled lizards
  2 rats
33 creatures vanquished.

Notes
Turn   | Place    | Note
-------+----------+-------------------------------------------
     0 | D:1      | lemonriz the Gargoyle Earth Elementalist began the quest for the Orb.
     0 | D:1      | Reached XP level 1. HP: 10/10 MP: 3/3
   275 | D:1      | Reached XP level 2. HP: 15/15 MP: 1/5
   279 | D:1      | Learned a level 2 spell: Passwall
   658 | D:2      | Reached skill level 1 in Transmutations
   686 | D:2      | Reached XP level 3. HP: 17/19 MP: 3/6
   687 | D:2      | Reached skill level 4 in Earth Magic
   820 | D:2      | Noticed Terence
   842 | D:1      | Learned a level 3 spell: Stone Arrow
   890 | D:2      | Reached XP level 4. HP: 18/24 MP: 0/8
   995 | D:2      | You fall through a shaft!
  1067 | D:3      | Noticed lemonriz's ghost (weakling DECj)
  1111 | D:3      | Killed from afar by lemonriz's ghost

Vault maps used:
D:1:      saegor_arrival_under_anarchy
D:2:      first_bread, hangedman_decor_points, uniq_terence
D:3:      wad_woods_tower, overflow_temple_1_default,
          eat_drink_and_be_merry_uskayaw

Skill      XL: |  1  2  3 |
---------------+----------+-----
Transmutations | 1 |  1.0
Dodging        | 2 |  2.0
Earth Magic    | 4 |  4.4
Stealth        | 3 |  3.2
Spellcasting   | |  2.8
Conjurations   | |  0.6

Action                   |  1- 3 |  4- 6 || total
-------------------------+-------+-------++-------
Melee: Unarmed           |     5 |     9 ||    14
       Club              |       |    13 ||    13
 Cast: Sandblast         |    30 |    15 ||    45
 Stab: Sleeping          |     1 |     1 ||     2
  Eat: Chunk             |       |     1 ||     1
Armor: Robe              |     9 |    12 ||    21
Dodge: Dodged            |    16 |    18 ||    34

Table legend:
 A = Spawn XP
 B = Non-spawn XP
 C = Spawn XP percentage of total XP
 D = Spawn monster count
 E = Non-spawn monster count
 F = Spawn count percentage of total count
 G = Total turns spent on level
                    A         B        C        D         E        F      G
               +---------+---------+-------+---------+---------+-------+---------
         Total |       0 |     129 |   0.0 |       0 |      33 |   0.0 |  1111
               +---------+---------+-------+---------+---------+-------+---------
           D:1 |       0 |      12 |   0.0 |       0 |       8 |   0.0 |   615
           D:2 |       0 |      93 |   0.0 |       0 |      18 |   0.0 |   380
           D:3 |       0 |      24 |   0.0 |       0 |       7 |   0.0 |   116
               +---------+---------+-------+---------+---------+-------+---------
